 Dungeon Crawl Stone Soup version 0.28.0-53-g5a82cb258f (webtiles) character file.

Game seed: 7974534741583715922

88 Descartes the Sneak (level 4, -6/19 HPs)
             Began as a Felid Transmuter on July 9, 2022.
             Killed from afar by Natasha (9 damage)
             ... with a puff of flame
             ... on level 3 of the Dungeon.
             The game lasted 00:04:16 (3687 turns).

Descartes the Sneak (Felid Transmuter)              Turns: 3687, Time: 00:04:17

Health: -6/19      AC:  1    Str:  8    XL:     4   Next: 29%
Magic:  0/8        EV: 17    Int: 15    God:
Gold:   99         SH:  0    Dex: 16    Spells: 6/7 levels left
                                        Lives:  0   Deaths: 1

rFire   . . .      SeeInvis +     - Unarmed
rCold   . . .      Faith    .   (shield unavailable)
rNeg    . . .      Spirit   +   (armour unavailable)
rPois   .          Reflect  .   (helmet unavailable)
rElec   .          Harm     .   (cloak unavailable)
rCorr   .          Rampage  .   (gloves unavailable)
Will    .....                   (boots unavailable)
Stlth   ++++......              i - amulet of guardian spirit
HPRegen 0.06/turn               (no ring)
MPRegen 0.11/turn               (no ring)

@: appendages (expiring), quick
A: horns 2, very small, claws 1, fangs 3, see invisible, speed 1, shaggy fur 1,
stealthy paws, no weapons or thrown items, no armour, multi-lived
a: End Transformation


You were on level 3 of the Dungeon.
You had temporarily grown beastly horns.
You visited 1 branch of the dungeon, and saw 3 of its levels.

You collected 99 gold pieces.

Inventory:

Jewellery
 i - an amulet of guardian spirit (around neck)
Scrolls
 a - a scroll of identify {unknown}
 b - a scroll of torment {unknown}
 d - 2 scrolls of teleportation {unknown}
 f - a scroll of summoning {unknown}
 g - a scroll of fog {unknown}
 h - a scroll of enchant armour {unknown}
 j - a scroll of fear {unknown}
 k - a scroll of blinking {unknown}
Potions
 c - a potion of mutation {unknown}
 e - a potion of heal wounds {unknown}
 l - a potion of magic {unknown}


   Skills:
 - Level 1.0 Fighting
 - Level 2.6 Dodging
 + Level 7.4 Stealth
 - Level 3.0 Unarmed Combat
 - Level 2.0 Spellcasting
 - Level 2.1 Transmutations


You had 6 spell levels left.
You knew the following spells:

 Your Spells              Type           Power      Damage    Failure   Level
a - Beastly Appendage     Tmut           16%        N/A       9%          1

Your spell library contained the following spells:

 Spells                   Type           Power      Damage    Failure   Level
 Wereblood                Tmut           8%         N/A       14%         2
 Spider Form              Tmut/Pois      4%         N/A       38%         3
 Ice Form                 Ice/Tmut       4%         N/A       80%         4


Dungeon Overview and Level Annotations

Branches:
Dungeon (3/15)

Altars:
Wu Jian
The Shining One

Shops:
D:1 =

Annotations:
D:3 Natasha


Innate Abilities, Weirdness & Mutations

You have temporarily grown beastly horns.
You have sharp claws.
You have razor-sharp teeth.
You have supernaturally acute eyesight. (SInv)
You cover ground quickly. (Speed+)
You are covered in fur. (AC +1)
Your paws help you pounce on unaware monsters.
You are incapable of wielding weapons or throwing items.
You cannot wear armour.
You gain extra lives every three experience levels.


Message History

The puff of flame hits you!
Natasha casts a spell.
Natasha misses you.
You barely miss Natasha. You bite Natasha.
Natasha is lightly wounded.
Your transformation is almost over.
The white imp hits you. The white imp freezes you. Natasha claws you!
* * * LOW HITPOINT WARNING * * *
You are too injured to fight recklessly!
You are too injured to fight recklessly!
You are too injured to fight recklessly!
You are too injured to fight recklessly!
You are too injured to fight recklessly!
You are too injured to fight recklessly!
You are too injured to fight recklessly!
You are too injured to fight recklessly!
You are too injured to fight recklessly!
You are too injured to fight recklessly!
You are too injured to fight recklessly!
You are too injured to fight recklessly!
You are too injured to fight recklessly!
You scratch Natasha. You headbutt Natasha.
Natasha is heavily wounded.
The white imp hits you but does no damage.
Natasha claws you.
* * * LOW HITPOINT WARNING * * *
You closely miss Natasha. Your headbutt misses Natasha.
Natasha is heavily wounded.
The white imp disappears for a moment.
The white imp misses you.
Natasha zaps a wand.
The puff of flame misses you.
You closely miss Natasha.
Natasha is heavily wounded.
The white imp misses you.
Natasha drinks a potion.
Natasha is healed!
You claw Natasha!
Natasha is heavily wounded.
The white imp completely misses you.
You barely miss Natasha. You bite Natasha.
Natasha is heavily wounded.
Natasha zaps a wand.
The puff of flame hits you!
You die...

#########.#.###.#..####+####.
........#.....#..##.....###
###############..####..##........
..............#..# #...#.....###
#########...#.#..####.#.#.....# #
#................##.#.......### #
#.##.......#.....##.##.##.#.... #
#....###..........#)##.##.#....
###..#.#≈#.###..@..##.##.##.#....
.....#.###...+.5.h.+..##..#.#....
####.#..^..###.....######.#.#.###
#.#####.#<.......†.......#.# #
#.# #.#..##.#######......### #.#
#.#..).................# #####
#####...#.######..........
##._.###._.##<.#...# #..........
#.[...8.....##.###.# #.##..#....


You could see Natasha and a white imp (summoned).

Vanquished Creatures
  An iguana (D:3)
  Natasha (twice) (D:3)
  3 adders
  2 worms
  A dart slug (D:3)
  An orc (D:3)
  11 ball pythons
  2 giant cockroaches
  12 goblins
  9 hobgoblins
  3 jackals (D:3)
  A quokka (D:3)
  7 bats
  6 frilled lizards
  7 kobolds
  A rat (D:1)
69 creatures vanquished.

Notes
Turn   | Place    | Note
-------+----------+-------------------------------------------
     0 | D:1      | Descartes the Felid Transmuter began the quest for the Orb.
     0 | D:1      | Reached XP level 1. HP: 9/9 MP: 4/4
    30 | D:1      | Reached skill level 1 in Stealth
   173 | D:1      | Reached skill level 2 in Stealth
   369 | D:1      | Found Motil's Jewellery Boutique.
   390 | D:1      | Reached XP level 2. HP: 10/12 MP: 4/6
   485 | D:1      | Reached skill level 3 in Stealth
   496 | D:1      | Found a faded altar of an unknown god.
  1112 | D:1      | Reached skill level 4 in Stealth
  1155 | D:2      | Reached XP level 3. HP: 15/15 MP: 5/7
  1623 | D:2      | Reached skill level 5 in Stealth
  1977 | D:2      | Reached XP level 4. HP: 13/19 MP: 8/8
  2903 | D:3      | Reached skill level 6 in Stealth
  3083 | D:3      | Noticed Natasha
  3086 | D:3      | Killed Natasha
  3087 | D:3      | Reached skill level 7 in Stealth
  3087 | D:3      | Reached XP level 5. HP: 22/22 MP: 7/9
  3217 | D:3      | Found a glowing golden altar of the Shining One.
  3217 | D:3      | Found an ornate altar of the Wu Jian Council.
  3385 | D:3      | Noticed Natasha
  3396 | D:3      | Killed Natasha
  3667 | D:3      | Noticed Natasha
  3675 | D:3      | Killed from afar by Natasha
  3676 | D:3      | Reached XP level 4. HP: -4/19 MP: 0/8
  3687 | D:3      | Killed from afar by Natasha

Illustrated notes

Levels and vault maps discovered:
D:1:      dpeg_arrival_simpleton_c, layout_basic, serial_shops,
          nicolae_shop_stone, ebering_ecumenical_altar_box,
          minmay_misc_feat_plants, chequers_garden
D:2:      layout_loops_cross, st_stairs_8
D:3:      layout_basic, gammafunk_temple_overflow_pools, feat_on_display,
          uniq_natasha, uniq_crazy_yiuf_cottage, uniq_robin

Skill      XL: |  1  2  3  4 |
---------------+-------------+-----
Stealth        | 2 4 5 7 |  7.4
Fighting       | |  1.0
Dodging        | |  2.6
Unarmed Combat | |  3.0
Spellcasting   | |  2.0
Transmutations | |  2.1

Action                   |  1- 3 |  4- 6 || total
-------------------------+-------+-------++-------
Melee: Unarmed           |    96 |    65 ||   161
       Headbutt          |     9 |    10 ||    19
       Bite              |     5 |    11 ||    16
       Punch             |     1 |     1 ||     2
 Cast: Beastly Appendage |    33 |    23 ||    56
 Stab: Sleeping          |    14 |     6 ||    20
Armor: Skin              |     6 |     3 ||     9
Dodge: Dodged            |    65 |    52 ||   117
